 Dungeon Crawl Stone Soup version 0.26-a0-54-g15ccc7ae60 (webtiles) character file.

Game seed: 5570596655929436309

603 MisterFreud the Slasher (level 7, 0/48 HPs)
             Began as an Octopode Gladiator on June 7, 2020.
             Slain by an ogre
             ... wielding a +0 giant spiked club
              (21 damage)
             ... on level 4 of the Dungeon.
             The game lasted 00:04:06 (3356 turns).

MisterFreud the Slasher (Octopode Gladiator)        Turns: 3356, Time: 00:04:06

Health: 0/48       AC:  1    Str: 13    XL:     7   Next: 42%
Magic:  7/7        EV: 16    Int: 12    God:
Gold:   198        SH:  0    Dex: 14    Spells: 6/6 levels left

rFire    . . .     SeeInvis .   o - +0 great sword
rCold    . . .     Gourm    .   (shield currently unavailable)
rNeg     . . .     Faith    .   b - +0 hat
rPois    .         Spirit   .   (no amulet)
rElec    .         Reflect  .   (no ring)
rCorr    .         Harm     .   (no ring)
MR       .....                  (no ring)
Stlth    ++........             (no ring)
HPRegen  0.16/turn              (no ring)
MPRegen  0.10/turn              (no ring)
                                (no ring)
                                (no ring)

@: no status effects
A: almost no armour, stealthy swim, amphibious, 8 rings, constrict 8, camouflage
1, gelatinous body 1
a: no special abilities


You were on level 4 of the Dungeon.
You were not hungry.

You visited 1 branch of the dungeon, and saw 4 of its levels.

You collected 198 gold pieces.

Inventory:

Hand Weapons
 a - a +0 long sword
 o - a +0 great sword (weapon)
Missiles
 c - 3 throwing nets
 t - 43 poisoned darts (quivered)
Armour
 b - a +0 hat (worn)
Wands
 m - a wand of random effects (19)
Scrolls
 e - 4 scrolls of identify {unknown}
 i - 2 scrolls of teleportation {unknown}
 j - 3 scrolls of amnesia {unknown}
 k - 2 scrolls of remove curse {unknown}
 p - a scroll of random uselessness {unknown}
 r - a scroll of magic mapping {unknown}
 u - a scroll of immolation {unknown}
Potions
 f - a potion of haste {unknown}
 g - a potion of magic {unknown}
 h - 3 potions of curing {unknown}
 l - a potion of heal wounds {unknown}
 n - a potion of cancellation {unknown}
 q - a potion of lignification {unknown}
 s - a potion of ambrosia {unknown}
Comestibles
 d - 6 rations


   Skills:
 - Level 4.0 Fighting
 - Level 6.0 Long Blades
 - Level 2.0 Throwing
 + Level 5.4 Dodging


You had 6 spell levels left.
You didn't know any spells.
Your spell library was empty.

Dungeon Overview and Level Annotations

Branches:
Dungeon (4/15)
 Temple: D:4-7

Altars:

Annotations:
D:3 3 runed translucent doors, Asparus's ghost, amateur TeAE


Innate Abilities, Weirdness & Mutations

You cannot wear most types of armour.
You are very stealthy in the water. (Stealth+)
You are amphibious.
You can wear up to eight rings at the same time.
You can use your tentacles to constrict eight enemies at once.
Your skin changes colour to match your surroundings (Stealth+).
Your rubbery body absorbs attacks. (AC +1, EV +1)


Message History

There is a large open door here.
A leopard gecko and an ogre come into view.
The leopard gecko hisses angrily.
The ogre shouts!
There are monsters nearby!
You closely miss the leopard gecko. You grab the leopard gecko.
You squeeze the leopard gecko.
You kill the leopard gecko!
You hit the ogre.
The ogre is lightly wounded.
The ogre hits you with a +0 giant spiked club!!
Ouch! That really hurt!
You are too injured to fight recklessly!
You are too injured to fight recklessly!
You slash the ogre!
The ogre is heavily wounded.
The ogre closely misses you.
You closely miss the ogre.
The ogre is heavily wounded.
The ogre hits you with a +0 giant spiked club!!
You die...

♣# # .. . .##. #..#
♣..♣ ♣.O♣ ♣.@♣ ♣..♣
♣..♣ ♣..♣ ♣..♣ #''#
########..#
#........## #######
#.....##.####....<#
######


You could see an ogre.

Vanquished Creatures
  Sigmund (D:2)
  2 ogres
  An orc priest (D:3)
  Crazy Yiuf (D:2)
  Natasha (thrice) (D:2)
  A worker ant (D:4)
  A hound skeleton (D:4)
  3 adders
  4 worms
  3 dart slugs (D:1)
  A leopard gecko (D:4)
  2 orcs (D:3)
  4 ball pythons (D:3)
  6 bats
  6 giant cockroaches
  4 goblins
  6 hobgoblins
  8 kobolds
  3 quokkas
  4 frilled lizards
  A leopard gecko skeleton (D:4)
  8 rats
73 creatures vanquished.

Notes
Turn   | Place    | Note
-------+----------+-------------------------------------------
     0 | D:1      | MisterFreud the Octopode Gladiator began the quest for the
                  | Orb.
     0 | D:1      | Reached XP level 1. HP: 14/14 MP: 1/1
    40 | D:1      | Reached XP level 2. HP: 15/20 MP: 2/2
   649 | D:2      | Reached XP level 3. HP: 25/26 MP: 3/3
   683 | D:2      | Found a runed translucent door.
   684 | D:2      | Noticed Crazy Yiuf
   977 | D:2      | Noticed Sigmund
   980 | D:2      | Killed Sigmund
   980 | D:2      | Reached skill level 5 in Long Blades
   980 | D:2      | Reached XP level 4. HP: 33/33 MP: 4/4
   980 | D:2      | Reached XP level 5. HP: 37/37 MP: 5/5
  1113 | D:2      | Noticed Natasha
  1119 | D:2      | Killed Natasha
  1119 | D:2      | Reached XP level 6. HP: 43/43 MP: 6/6
  1212 | D:2      | Noticed Natasha
  1223 | D:2      | Killed Natasha
  1693 | D:2      | Noticed Natasha
  1699 | D:2      | Killed Natasha
  1800 | D:2      | Killed Crazy Yiuf
  1800 | D:2      | Reached skill level 6 in Long Blades
  1849 | D:3      | Found a runed translucent gate.
  1852 | D:3      | Found a runed translucent gate.
  1853 | D:3      | Found a runed translucent gate.
  2379 | D:3      | Reached XP level 7. HP: 41/48 MP: 7/7
  2700 | D:3      | Noticed Asparus's ghost (amateur TeAE)
  2950 | D:4      | Reached skill level 5 in Dodging
  3356 | D:4      | Slain by an ogre

Illustrated notes

Levels and vault maps discovered:
D:1:      lordsloth_arrival_two_stooges, layout_basic, hangedman_glass_teeth,
          minmay_misc_feat_nine_boxes
D:2:      layout_loops_ring, uniq_sigmund, uniq_natasha, uniq_crazy_yiuf_cottage
D:3:      layout_loops_ring, gammafunk_ghost_icy, minmay_fountain_box
D:4:      kennysheep_big_flooded_room, layout_loops_corners,
          eat_drink_and_be_merry_uskayaw, elyvilon_altar_3, first_ration,
          minmay_crossroads

Skill      XL: |  1  2  3  4  5  6  7 |
---------------+----------------------+-----
Fighting       | 3 4 |  4.0
Long Blades    | 5 6 |  6.0
Dodging        | 4 5 |  5.4
Throwing       | |  2.0

Action                   |  1- 3 |  4- 6 |  7- 9 || total
-------------------------+-------+-------+-------++-------
Melee: Long sword        |    45 |    55 |    21 ||   121
       Constrict         |    17 |    18 |     7 ||    42
       Tentacles         |    13 |    13 |     5 ||    31
       Great sword       |       |       |     4 ||     4
Throw: Dart              |       |       |     9 ||     9
Evoke: Wand              |       |     3 |       ||     3
 Stab: Sleeping          |    11 |     5 |     1 ||    17
  Eat: Chunk             |       |     5 |     3 ||     8
Armor: Skin              |     2 |     4 |       ||     6
Dodge: Dodged            |    28 |    37 |    21 ||    86
       Rpst.: Long sword |    10 |     8 |     6 ||    24

Table legend:
 A = Non-vault XP
 B = Vault XP
 C = Vault XP percentage of total XP
 D = Non-vault monster count
 E = Vault monster count
 F = Vault count percentage of total count
                 A         B        C        D         E       F
            +---------+---------+-------+---------+---------+-------
      Total |     538 |     324 |  37.6 |      68 |       5 |   6.8
            +---------+---------+-------+---------+---------+-------
        D:1 |      30 |       0 |   0.0 |      14 |       0 |   0.0
        D:2 |     135 |     301 |  69.0 |      26 |       3 |  10.3
        D:3 |     206 |       0 |   0.0 |      23 |       0 |   0.0
        D:4 |     167 |      23 |  12.1 |       5 |       2 |  28.6
            +---------+---------+-------+---------+---------+-------
